[Event "*** Titled Tuesday Blitz"]
[Site "Chess.com"]
[Date "2020.05.12"]
[Round "4"]
[White "Misticpikachu"]
[Black "damayito"]
[Result "1-0"]
[WhiteElo "2357"]
[BlackElo "1589"]
[TimeControl "180+1"]
[EndTime "10:39:07 PDT"]
[Termination "Misticpikachu won by resignation"]

1. c4 f5 2. Nc3 Nf6 3. d4 c6 4.
Nf3 e6 5. g3 d5 6. Bg2 Be7 7. O-O O-O 8. Ne5 Nbd7 9. f3 Nxe5 10. dxe5 Nd7 11. cxd5 cxd5 12. f4 a6 13. Be3 b5 14.
Nxd5 Rb8 15. Nxe7+ Qxe7 16. Qd6 Qxd6 17. exd6 Rd8 18.
Rfd1 Bb7 19. Rac1 Bxg2 20. Kxg2 Nf6 21. Kf3 Rd7 22. Rc7 Rbd8 23. Bc5 a5 24. b4 Nd5 25. Rxd5 exd5 26. bxa5 Rxc7 27. dxc7 Rc8 28. Bb6 Kf7 29. Ke3 Ke6 30. Kd4 Kd6 31. a6 Kc6 32. Ba5 Ra8 33. a7 g6 34. a3 Rc8 35. Ke5 Kb7 36.
Kxd5 Kxa7 37. e4 fxe4 38. Kxe4 Ka6 39. Bb4 Rxc7 40. g4 Rc4+ 41. Ke5 Rc6 42. f5 Kb7 43. f6 Rc8 44. f7 Kc6 45. f8=Q Rxf8 46. Bxf8 Kd7 47. Bb4 Kc6 48. h4 Kd7 49. Kd5 h5 50.
gxh5 gxh5 51. Kc5 Kc7 52. Kxb5 1-0

[Event "*** Titled Tuesday Blitz"]
[Site "Chess.com"]
[Date "2020.05.12"]
[Round "4"]
[White "wanyaland"]
[Black "szefru"]
[Result "1-0"]
[WhiteElo "2330"]
[BlackElo "2096"]
[TimeControl "180+1"]
[EndTime "10:39:07 PDT"]
[Termination "wanyaland won by resignation"]

1. d4 Nf6 2. c4 g6 3. Nc3 Bg7 4. e4 d6 5. f3 O-O 6. Nge2 c5 7.
Be3 cxd4 8. Nxd4 Nc6 9. Qd2 Nxd4 10. Bxd4 Be6 11. Be2 Rc8 12. b3 b6 13. O-O h5 14. Rac1 Kh7 15. Rfd1 Bh6 16. f4 Bg4 17. Rf1 Bxe2 18. Qxe2 Nd7 19. Rcd1 Qe8 20. e5 dxe5 21. fxe5 Nc5 22. Nd5 Ne6 23. Bb2 Qc6 24. Kh1 Qb7 25. Rf2 Kg8 26. Rdf1 Bg7 27. Qe4 a6 28. Qe3 b5 29.
Qb6 Qxb6 30. Nxb6 Rc7 31. Nd5 Rb7 32. cxb5 axb5 33. Rc2 Ng5 34. Rfc1 e6 35. Nf6+ Bxf6 36. exf6 Rd7 37. h3 Ne4 38. Kh2 Rfd8 39. Re2 Ng5 40. Rc5 Nh7 41. Rxb5 Nf8 42. a4 Rd3 43. a5 Nd7 44. b4 Ra8 45. Rb7 Nf8 46. Rc2 Rb3 47.
Be5 Rxa5 48. bxa5 Rxb7 49. Rc8 Rd7 50. a6 g5 51. Bd6 Rxd6 52. a7 Kh7 53. Rxf8 Kg6 54.
a8=Q Kxf6 55. Qf3+ Ke5 56. Qxf7 Kd5 1-0

[Event "*** Titled Tuesday Blitz"]
[Site "Chess.com"]
[Date "2020.05.12"]
[Round "4"]
[White "swimmerchess"]
[Black "walkingcreep"]
[Result "1-0"]
[WhiteElo "2837"]
[BlackElo "2664"]
[TimeControl "180+1"]
[EndTime "10:39:08 PDT"]
[Termination "swimmerchess won on time"]

1. e4 d6 2. d4 Nf6 3. Nc3 e5 4. Nf3 Nbd7 5. g4 Nxg4 6. Rg1 Ngf6 7.
Bc4 h6 8. Be3 c6 9. Qd3 b5 10.
Bb3 Qa5 11. dxe5 dxe5 12. O-O-O Ba6 13. Qd2 O-O-O 14. Bxf7 b4 15. Ne2 Nxe4 16. Qe1 g5 17.
Ng3 Nxg3 18. Rxg3 Bg7 19. h4 Rhf8 20. Be6 Rfe8 21. Bb3 Nc5 22. Kb1 Nxb3 23. axb3 Rxd1+ 24. Qxd1 Rd8 25. Qg1 Be2 26. Nd2 e4 27. Qe1 Qe5 28.
Qc1 g4 29. Rg1 h5 30. Re1 Bf3 31. Nc4 Qe7 32. Bg5 Bf6 33. Bxf6 Qxf6 34. Qe3 Qd4 35.
Qg5 Qxf2 36. Rc1 Qd4 37. Qxh5 g3 38. Qg5 g2 39. h5 Qd1 40. h6 Qxc1+ 41. Qxc1 1-0

[Event "*** Titled Tuesday Blitz"]
[Site "Chess.com"]
[Date "2020.05.12"]
[Round "4"]
[White "MathiasWomacka"]
[Black "attack2mateU"]
[Result "0-1"]
[WhiteElo "2439"]
[BlackElo "2623"]
[TimeControl "180+1"]
[EndTime "10:39:09 PDT"]
[Termination "attack2mateU won on time"]

1. e4 c5 2. Nf3 d6 3. d4 cxd4 4. Nxd4 Nf6 5. Nc3 a6 6. Be2 e5 7. Nb3 Be7 8. O-O O-O 9. Qd3 Be6 10. Bd2 Nbd7 11. Nd5 Bxd5 12. exd5 b6 13. a4 a5 14. Qf3 e4 15. Qe3 Nc5 16. Nxc5 dxc5 17. c4 Bd6 18.
Bc3 Re8 19. f4 exf3 20. Qxf3 Be5 21. Bxe5 Rxe5 22. Bd3 Qd6 23. Rae1 Rae8 24. Rxe5 Qxe5 25. b3 h6 26. Kh1 Qd4 27. Bc2 Re3 28. Qf5 g6 29. Qf2 Kg7 30. h3 Rc3 31. Qxd4 cxd4 32. Bd1 Ne4 33. Kg1 d3 34. Re1 f5 35. Kf1 d2 36. Re2 Ng3+ 37. Kf2 Nxe2 38. Kxe2 Kf6 39.
Kxd2 Rg3 40. Bf3 h5 41. h4 g5 42. hxg5+ Rxg5 43. Ke3 Ke5 0-1

[Event "*** Titled Tuesday Blitz"]
[Site "Chess.com"]
[Date "2020.05.12"]
[Round "4"]
[White "Zurability"]
[Black "Kislov_Oleg"]
[Result "1-0"]
[WhiteElo "2647"]
[BlackElo "2341"]
[TimeControl "180+1"]
[EndTime "10:39:09 PDT"]
[Termination "Zurability won by resignation"]

1. c4 e5 2. Nc3 Nf6 3. Nf3 Nc6 4. d4 exd4 5. Nxd4 Bb4 6. Nxc6 bxc6 7. Bd2 O-O 8. g3 d5 9. cxd5 cxd5 10. Bg2 Rb8 11. O-O Re8 12. Bg5 c6 13. Qd4 Qb6 14. Bxf6 gxf6 15.
Qxf6 Bf8 16. e3 Bg7 17. Qg5 h6 18. Qf4 Qb4 19. Qc7 Qb6 20. Qd6 Ba6 21. Rfd1 Red8 22. Qf4 Qb4 23. Rab1 Qxf4 24. gxf4 Bc4 25. Bf1 Bxc3 26.
bxc3 Bxa2 27. Ra1 Rb2 28. Rd4 Rdb8 29. Ra4 Bc4 30. Bxc4 dxc4 31. Rxc4 Rb1+ 32. Rxb1 Rxb1+ 33. Kg2 Rb6 34. Ra4 Rb7 35. f5 Kg7 36. Kf3 Kf6 37. e4 Ke5 38. Kg4 f6 39. f4+ Kd6 40. Kh5 Rb2 41. h4 Rf2 42. Kxh6 Rxf4 43. h5 Ke5 44. Kg6 Rg4+ 45. Kf7 Rh4 46. Ra5+ Kd6 47. Kxf6 Rxe4 48. h6 Rh4 49. Kg7 Rg4+ 50. Kf7 Rh4 51. Kg6 Rg4+ 52.
Kh5 Rg3 53. Rxa7 Rxc3 54. h7 Rh3+ 55. Kg6 Ke5 56. Re7+ Kd6 57. Re8 Rg3+ 58. Kf7 1-0

[Event "*** Titled Tuesday Blitz"]
[Site "Chess.com"]
[Date "2020.05.12"]
[Round "4"]
[White "Oleksandr_Bortnyk"]
[Black "Baby_Legs"]
[Result "1-0"]
[WhiteElo "2982"]
[BlackElo "2718"]
[TimeControl "180+1"]
[EndTime "10:39:10 PDT"]
[Termination "Oleksandr_Bortnyk won on time"]

1. e4 c6 2. c4 e5 3. Nf3 d6 4. d4 Bg4 5. Be3 Nd7 6. Nc3 Ngf6 7. h3 Bh5 8. Be2 Be7 9. O-O O-O 10. d5 a6 11. Nd2 Bxe2 12. Qxe2 g6 13. dxc6 bxc6 14. Rad1 c5 15. f4 exf4 16. Bxf4 Qb6 17. b3 Rfe8 18.
Bh2 Bf8 19. Nf3 Qc6 20. Qd3 Rad8 21. Bxd6 Bg7 22. e5 Nh5 23. Nd5 Ng3 24. Rfe1 Nf5 25. Bc7 Rc8 26. g4 Nd4 27. Nxd4 cxd4 28. Qxd4 Nc5 29.
Bd6 Qxd6 30. exd6 Bxd4+ 31. Kf1 Rxe1+ 32. Kxe1 Bf6 33. Nxf6+ Kg7 34. Nd5 Rd8 35. Nc7 Rd7 36.
b4 Ne4 37. c5 f5 38. gxf5 gxf5 39. Nxa6 f4 40. Rd4 Nc3 41. c6 Rf7 42. d7 1-0

[Event "*** Titled Tuesday Blitz"]
[Site "Chess.com"]
[Date "2020.05.12"]
[Round "4"]
[White "Blitzstream"]
[Black "Yaacovn"]
[Result "0-1"]
[WhiteElo "2671"]
[BlackElo "2852"]
[TimeControl "180+1"]
[EndTime "10:39:10 PDT"]
[Termination "Yaacovn won by resignation"]

1. d4 d5 2. Bf4 c6 3. e3 Bf5 4. c4 Bxb1 5. Rxb1 e6 6. Qb3 Qb6 7. c5 Qxb3 8. axb3 Nd7 9. b4 a6 10. Nf3 Ngf6 11. Bd3 Nh5 12. Bg3 Be7 13. Bh4 Bxh4 14. Nxh4 f5 15. f4 Ke7 16. Ke2 Rag8 17. Nf3 h6 18. Rbg1 g5 19. fxg5 hxg5 20. g4 fxg4 21.
Rxg4 Ndf6 22. Rgg1 g4 23. Ne5 Rh6 24. Rg2 g3 25. h3 Nd7 26. Ng4 Rhh8 27. Rhg1 Rg5 28. Rf1 e5 29. Bf5 exd4 30. exd4 Rf8 31. Bxd7 Rxf1 32.
Kxf1 Kxd7 33. Ne5+ Ke6 34. h4 Rf5+ 35. Kg1 Nf4 36. Rd2 Rh5 37. Nf3 Kf5 38. Rd1 Kg4 39. Rf1 Nh3+ 40. Kg2 Nf4+ 41. Kg1 Rf5 42. b3 g2 43.
Ne5+ Kxh4 44. Rxf4+ Rxf4 45. Ng6+ Kg4 46. Nxf4 Kxf4 47. b5 axb5 0-1

[Event "*** Titled Tuesday Blitz"]
[Site "Chess.com"]
[Date "2020.05.12"]
[Round "4"]
[White "Escanor89"]
[Black "Islamovqaasim"]
[Result "1-0"]
[WhiteElo "2571"]
[BlackElo "2335"]
[TimeControl "180+1"]
[EndTime "10:39:10 PDT"]
[Termination "Escanor89 won on time"]

1. c4 Nf6 2. Nc3 e6 3. e4 c5 4. e5 Ng8 5. d4 cxd4 6. Qxd4 Nc6 7. Qe4 Bb4 8. Bd2 Nge7 9. Nf3 d5 10. exd6 Qxd6 11. O-O-O Qc5 12. a3 Bxc3 13. Bxc3 O-O 14. Bd3 f5 15. Qe2 a6 16. Kb1 Rb8 17. Rc1 Bd7 18.
Rhe1 Ng6 19. g3 Qd6 20. Red1 Qc7 21. h4 Rfe8 22. h5 Nf8 23. Ne5 Bc8 24. h6 g6 25.
Nxc6 bxc6 26. Be5 Qb7 27. Bxb8 Qxb8 28. Qe5 Qb7 29. c5 Qe7 30. Be2 Nd7 31. Qd6 Qf7 32.
Qxc6 Ne5 33. Qd6 Nd7 34. c6 Nf6 35. c7 Bb7 36. Bxa6 Bd5 37. c8=Q Rxc8 38. Rxc8+ Ne8 39. Bb5 Be4+ 40. Ka1 1-0

[Event "*** Titled Tuesday Blitz"]
[Site "Chess.com"]
[Date "2020.05.12"]
[Round "4"]
[White "Sunnika"]
[Black "Grineva_Marianna"]
[Result "0-1"]
[WhiteElo "2306"]
[BlackElo "2121"]
[TimeControl "180+1"]
[EndTime "10:39:10 PDT"]
[Termination "Grineva_Marianna won on time"]

1. e4 d6 2. d4 Nf6 3. Nc3 g6 4. f4 Bg7 5. Nf3 c5 6. Bb5+ Nc6 7. d5 a6 8. Ba4 O-O 9. dxc6 b5 10. e5 Ne8 11.
Bxb5 axb5 12. Nxb5 Ba6 13. Nc3 Nc7 14. Kf2 d5 15.
Re1 e6 16. b3 Nb5 17. Na4 Qe7 18. Bb2 Rac8 19. c4 dxc4 20. bxc4 Rfd8 21. Qc2 Nd4 22.
Nxd4 cxd4 23. Rad1 Qa7 24. c5 d3 25. Qc3 Rxc6 26.
Kg1 Bf8 27. Ba3 Bb5 28. Nb6 Rb8 29. Qb2 Qa6 30. Kh1 Rbxb6 31. cxb6 Bxa3 32. b7 Rb6 33. Qd4 Rxb7 34. Qd8+ Bf8 35. h4 Qb6 36. Qa8 Qc7 37.
Qa3 Qc4 38. Qc1 Bb4 39. Qxc4 Bxc4 40. Re4 Ba6 0-1

[Event "*** Titled Tuesday Blitz"]
[Site "Chess.com"]
[Date "2020.05.12"]
[Round "4"]
[White "WIDBIFS"]
[Black "FairChess_on_YouTube"]
[Result "0-1"]
[WhiteElo "2729"]
[BlackElo "3076"]
[TimeControl "180+1"]
[EndTime "10:39:11 PDT"]
[Termination "FairChess_on_YouTube won on time"]

1. d4 Nf6 2. Nf3 e6 3. Bf4 c5 4. e3 Nc6 5. Nbd2 Nh5 6. Bg3 Nxg3 7. hxg3 d5 8. c3 g6 9. Bd3 Qb6 10. Rb1 Bg7 11. Qe2 Bd7 12. dxc5 Qxc5 13. e4 O-O-O 14.
O-O h5 15. b4 Qe7 16. b5 Ne5 17. Nxe5 Bxe5 18. Nf3 Bc7 19. e5 Bb6 20. c4 Kb8 21.
a4 h4 22. g4 Rc8 23. Rfc1 Rc7 24. Qd2 dxc4 25. Rxc4 Rxc4 26. Bxc4 h3 27. Qd6+ Qxd6 28. exd6 h2+ 29. Nxh2 Bc5 30. Rd1 Rd8 31. Nf3 Be8 32. g5 Bxd6 33. Kf1 Kc7 34. a5 Be7 35. Rc1 Kb8 36. Ke2 Rc8 37. Nd4 Bxg5 38. Rc2 e5 39. Nf3 Bf6 40. b6 axb6 41. axb6 Ba4 42. Rc1 Bb5 43. Nd2 Bg5 0-1

[Event "*** Titled Tuesday Blitz"]
[Site "Chess.com"]
[Date "2020.05.12"]
[Round "4"]
[White "DenisQ"]
[Black "gross-aleks"]
[Result "1/2-1/2"]
[WhiteElo "2641"]
[BlackElo "2471"]
[TimeControl "180+1"]
[EndTime "10:39:11 PDT"]
[Termination "Game drawn by repetition"]

1. Nf3 c5 2. g3 Nc6 3. d4 cxd4 4. Nxd4 g6 5. c4 Bg7 6. Nc2 Qa5+ 7. Qd2 Qxd2+ 8. Nxd2 d6 9. Bg2 h5 10. h3 Bd7 11. Rb1 Nh6 12. b3 Nf5 13. Bb2 Bxb2 14. Rxb2 O-O 15. e3 Rfc8 16. Ke2 Rab8 17. Rc1 Kg7 18. Ne4 Be6 19. Nc3 Ne5 20. Nd4 Bd7 21. Rd2 Nxd4+ 22. exd4 Nc6 23. d5 Na5 24. h4 b5 25.
cxb5 Bxb5+ 26. Kd1 Bd7 27. Rdc2 Bg4+ 28. f3 Bf5 29. Ne4 Rxc2 30. Rxc2 Rb7 31. Bf1 Rd7 32. Bb5 Rb7 33. Ba6 Rb6 34. Bc8 Bxe4 35. fxe4 Nb7 36. Bxb7 Rxb7 37. Kd2 Kf6 38. Ke3 Ke5 39. Rc4 e6 40. dxe6 fxe6 41. Ra4 d5 42. exd5 exd5 43. Ra5 Rc7 44. Kd3 Rf7 45. Ke3 Rc7 46. Kd3 Rf7 47.
Ke3 Rc7 1/2-1/2

[Event "*** Titled Tuesday Blitz"]
[Site "Chess.com"]
[Date "2020.05.12"]
[Round "4"]
[White "Anton_Demchenko"]
[Black "HouseOfDurin"]
[Result "1-0"]
[WhiteElo "2825"]
[BlackElo "2018"]
[TimeControl "180+1"]
[EndTime "10:39:11 PDT"]
[Termination "Anton_Demchenko won by resignation"]

1. d4 Nf6 2. Nf3 c5 3. d5 b5 4. Bg5 Ne4 5. Bf4 d6 6. Nbd2 Qa5 7. a4 Nxd2 8. Bxd2 b4 9. e4 g6 10. e5 dxe5 11. Nxe5 Bg7 12. Bb5+ Bd7 13. Nxd7 Nxd7 14. O-O O-O-O 15. c3 a6 16. cxb4 cxb4 17. Rc1+ Kb8 18.
Bc6 Be5 19. Qg4 f5 20. Qh4 Bd6 21. Rc4 Ne5 22. Bxb4 g5 23. Bxa5 gxh4 24. Rxh4 Nxc6 25. dxc6 Bc7 26. Rb4+ Kc8 27. Bxc7 Kxc7 28. Rb7+ Kxc6 29. Rxe7 Rhe8 30. Rc1+ Kb6 31. Rxh7 Re2 32. b4 Red2 33. Rh6+ R8d6 34. Rxd6+ Rxd6 35. g3 Rd4 36. Rb1 a5 37. bxa5+ Kxa5 38. Rb5+ Kxa4 39. Rxf5 Kb4 40. Rf4 Rxf4 41.
gxf4 Kc5 42. Kg2 Kd6 43. Kf3 Ke6 44. Kg4 Kf7 45. Kg5 Kg8 46. Kg6 Kh8 47. f5 Kg8 48. f6 Kf8 49. f7 Ke7 50. Kg7 1-0

[Event "*** Titled Tuesday Blitz"]
[Site "Chess.com"]
[Date "2020.05.12"]
[Round "4"]
[White "harvsp123"]
[Black "Mimsychess"]
[Result "1-0"]
[WhiteElo "2528"]
[BlackElo "2335"]
[TimeControl "180+1"]
[EndTime "10:39:11 PDT"]
[Termination "harvsp123 won on time"]

1. d4 Nf6 2. c4 g6 3. Nc3 Bg7 4. e4 d6 5. Be2 O-O 6. Nf3 e5 7. O-O exd4 8. Nxd4 Re8 9. f3 c6 10.
Bg5 h6 11. Bf4 Nh5 12. Be3 f5 13. Qd2 f4 14. Bf2 Nd7 15. b4 Ne5 16. Rfd1 Qf6 17.
Rac1 Bd7 18. Nb3 Be6 19. c5 dxc5 20. Nxc5 Bf7 21. Nxb7 Rab8 22. Nd6 Red8 23. Bc5 Bf8 24. Kh1 Rd7 25. b5 Ng3+ 26. hxg3 fxg3 27. Kg1 Qh4 28.
Kf1 Rxd6 29. Qe3 Rf6 30. Ke1 Qh1+ 31. Qg1 Qh4 32. Bxf8 Rxf8 33. bxc6 Rxc6 34. Nd5 Bxd5 35. exd5 Qb4+ 36. Kf1 Rxc1 37. Rxc1 Ng4 38. Qc5 Qd2 39. Kg1 Qxe2 40. fxg4 Qd2 41. Kh1 Qe2 42. d6 1-0

[Event "*** Titled Tuesday Blitz"]
[Site "Chess.com"]
[Date "2020.05.12"]
[Round "4"]
[White "AndrewDGreen"]
[Black "jerry_77"]
[Result "0-1"]
[WhiteElo "2283"]
[BlackElo "2459"]
[TimeControl "180+1"]
[EndTime "10:39:11 PDT"]
[Termination "jerry_77 won by resignation"]

1. e4 c6 2. Nf3 d5 3. Nc3 Bg4 4. h3 Bxf3 5. Qxf3 e6 6. Be2 Nd7 7. O-O Ne7 8. d4 g6 9. Rd1 Bg7 10. Bg5 O-O 11. Qe3 dxe4 12. Nxe4 f6 13. Bf4 Nd5 14.
Qg3 Nxf4 15. Qxf4 Nb6 16. Nc5 Nd5 17. Qe4 Re8 18. Nxb7 Qb8 19. Nc5 e5 20. dxe5 Rxe5 21. Qc4 Qb4 22. Nd7 Qxc4 23. Bxc4 Re7 24. Nc5 Rd8 25.
Re1 Rxe1+ 26. Rxe1 Kf7 27. c3 Bh6 28. g3 Rb8 29. b4 Bd2 30. Re6 Kg7 31. Rxc6 Nxc3 32.
Rc7+ Kh6 33. a3 Re8 34. Kg2 Nd1 35. h4 Nb2 36. Bf7 Rf8 37. Ne6 Rb8 38. g4 Na4 39. Nd4 Nb6 40. Nf3 Bf4 41. Be6 Re8 42. Bf7 Rf8 43.
Be6 Bxc7 44. g5+ fxg5 45. hxg5+ Kg7 46. Bg4 Rf4 47. Be6 Re4 0-1

[Event "*** Titled Tuesday Blitz"]
[Site "Chess.com"]
[Date "2020.05.12"]
[Round "4"]
[White "Colombiano07"]
[Black "TokChess"]
[Result "0-1"]
[WhiteElo "2191"]
[BlackElo "2432"]
[TimeControl "180+1"]
[EndTime "10:39:11 PDT"]
[Termination "TokChess won by checkmate"]

1. d4 Nf6 2. Nf3 g6 3. Bf4 Bg7 4. e3 O-O 5. h3 d5 6. Bd3 c5 7. O-O b6 8. c3 Bb7 9. a4 a6 10. Nbd2 Nbd7 11. Ne5 Ne4 12. Nxd7 Qxd7 13. a5 Nxd2 14.
Qxd2 c4 15. Be2 b5 16. Bf3 Bc6 17. Rfe1 Rfe8 18. e4 dxe4 19. Bxe4 Bxe4 20. Rxe4 e5 21. Be3 f5 22. Rh4 f4 23. Bxf4 exf4 24. Qxf4 Rf8 25.
Qg3 Rae8 26. Rf4 Rxf4 27. Qxf4 Qf7 28. Qd6 Qe6 29. Qc7 Rf8 30. Rd1 Qe2 31. Rf1 Qxb2 32. d5 Qxc3 33. d6 Qd4 34. d7 c3 35. Qc6 Qf6 36.
Qd5+ Kh8 37. Qd3 b4 38. Kh1 Rd8 39. Rb1 c2 40. Qxc2 Rxd7 41. Rxb4 Rd8 42. Rb6 Qa1+ 43. Kh2 Qe5+ 44. g3 Rf8 45. Rxa6 Qd4 46. Kg1 g5 47.
Rc6 Qb4 48. Rc8 Rxc8 49. Qxc8+ Qf8 50. Qb7 h6 51. a6 Bd4 52. a7 Qxf2+ 53. Kh1 Qg1# 0-1

[Event "*** Titled Tuesday Blitz"]
[Site "Chess.com"]
[Date "2020.05.12"]
[Round "4"]
[White "vaishali2001"]
[Black "AryanTari"]
[Result "1-0"]
[WhiteElo "2658"]
[BlackElo "2912"]
[TimeControl "180+1"]
[EndTime "10:39:12 PDT"]
[Termination "vaishali2001 won by checkmate"]

1. e4 c6 2. d4 d5 3. Nd2 dxe4 4. Nxe4 Bf5 5. Qf3 Bg6 6. Ne2 Qd5 7. N2c3 Qxd4 8.
Be3 Qe5 9. h4 Nf6 10. Nxf6+ Qxf6 11. Qg3 e5 12. O-O-O Bd6 13. Bc4 h6 14. h5 Bh7 15.
Rxd6 Qxd6 16. Qxg7 Qf8 17. Bxf7+ Kd8 18. Rd1+ Nd7 19. Qxf8+ Rxf8 20. Be6 Ke7 21. Rxd7+ Kxe6 22. Rxh7 Rg8 23. Rxh6+ Kf5 24. g3 b5 25. Rh7 b4 26.
Ne2 Ke4 27. Rf7 c5 28. Bd4 cxd4 29. Kd2 Rac8 30. f3+ Kd5 31. Kd3 a5 32. Ra7 Rgf8 33. Rxa5+ Ke6 34. Ke4 Rxc2 35. Rxe5+ Kd6 36. Nxd4 Rxb2 37.
Rd5+ Ke7 38. Rb5 Ra8 39. Rb7+ Kd6 40. Rb6+ Kc5 41. Rc6# 1-0

[Event "*** Titled Tuesday Blitz"]
[Site "Chess.com"]
[Date "2020.05.12"]
[Round "4"]
[White "korbul"]
[Black "kuban1991"]
[Result "0-1"]
[WhiteElo "2571"]
[BlackElo "2738"]
[TimeControl "180+1"]
[EndTime "10:39:12 PDT"]
[Termination "kuban1991 won by resignation"]

1. d4 g6 2. e4 Bg7 3. Nc3 c6 4. h3 d5 5. e5 c5 6. dxc5 d4 7. Ne4 Bxe5 8. Nf3 Bg7 9. Bg5 h6 10. Bh4 g5 11. Bg3 Nc6 12. Bc4 Qa5+ 13. Qd2 Qxd2+ 14. Nexd2 Bf5 15. O-O-O e5 16. Rhe1 f6 17. b4 Nge7 18. a3 O-O-O 19. Ne4 Bxe4 20. Rxe4 Nd5 21. Bxd5 Rxd5 22. Nd2 f5 23. Ree1 e4 24. f3 e3 25. Nc4 f4 26. Bh2 Rhd8 27. Rd3 h5 28. h4 Bf6 29. hxg5 Bxg5 30. Kb2 Kc7 31. g3 fxg3 32. Bxg3+ Kd7 33. Bd6 b5 34. cxb6 Rxd6 35. Nxd6 Kxd6 36. bxa7 Ra8 37. c3 Rxa7 38. cxd4 Kd5 39.
Rc1 e2 40. Re1 Re7 41. b5 Nxd4 42. Kc3 Bf6 43. Rd2 Kc5 44. Kd3 Nxf3 45. Rdxe2 Nxe1+ 46. Rxe1 Rxe1 0-1

[Event "*** Titled Tuesday Blitz"]
[Site "Chess.com"]
[Date "2020.05.12"]
[Round "4"]
[White "davidkalashian"]
[Black "SergeiAza"]
[Result "0-1"]
[WhiteElo "2510"]
[BlackElo "2758"]
[TimeControl "180+1"]
[EndTime "10:39:12 PDT"]
[Termination "SergeiAza won on time"]

1. d4 Nf6 2. c4 e6 3. Nf3 d5 4. Nc3 Be7 5. Bf4 O-O 6. e3 b6 7. cxd5 Nxd5 8. Nxd5 exd5 9. Bd3 c5 10. dxc5 bxc5 11.
O-O Be6 12. Rc1 Nd7 13. h3 a5 14. b3 h6 15. Ne5 Nxe5 16. Bxe5 Qd7 17. Qe2 Rfc8 18. Bb5 Qa7 19. a4 Bf8 20. f4 Bf5 21.
Rfd1 Be4 22. Qg4 Qb6 23. f5 f6 24. Bf4 Kh8 25. Qh5 Ra7 26. Rd2 Bd6 27. Bxh6 gxh6 28. Qxh6+ Rh7 29. Qxf6+ Rg7 30. Qh4+ Kg8 31. f6 Bg3 32.
Qh6 Rg6 33. f7+ Kxf7 34. Qh7+ Kf6 35. Rf1+ Kg5 36. Qe7+ Kh6 37. Qd7 Qd8 38. Qb7 Rc7 0-1

[Event "*** Titled Tuesday Blitz"]
[Site "Chess.com"]
[Date "2020.05.12"]
[Round "4"]
[White "Barys1974"]
[Black "2346PL"]
[Result "1/2-1/2"]
[WhiteElo "2630"]
[BlackElo "2465"]
[TimeControl "180+1"]
[EndTime "10:39:12 PDT"]
[Termination "Game drawn - insufficient material"]

1. e4 c5 2. Nf3 Nf6 3. Nc3 d5 4. exd5 Nxd5 5. Bb5+ Nc6 6. Ne5 Qd6 7. Nxc6 Nxc3 8. dxc3 Qxd1+ 9. Kxd1 Bd7 10. Nxa7 Rxa7 11.
Bxd7+ Kxd7 12. c4 g6 13. c3 Bg7 14. Kc2 Kc6 15. Rd1 f5 16. a4 Rha8 17. b3 e5 18.
Rd5 b6 19. Bd2 Re8 20. Rd1 Re6 21. h3 Bf6 22. g4 f4 23. f3 g5 24. Re1 h5 25.
gxh5 Rh7 26. h4 Rxh5 27. hxg5 Rxg5 28. Bxf4 Rf5 29. Bd2 Rxf3 30. Be3 Be7 31. Re2 e4 32. Rh5 Bd6 33. Kd2 Rf1 34. Rh6 Rxh6 35. Bxh6 Bf4+ 36. Bxf4 Rxf4 37. Kc2 Kd6 38. b4 Ke5 39. Rd2 e3 40. Rd5+ Ke4 41. bxc5 Rf2+ 42. Kb3 e2 43. Rd8 bxc5 44.
Re8+ Kf3 45. a5 Rh2 46. Ka4 Kf2 47. Kb5 e1=Q 48. Rxe1 Kxe1 49. a6 Ra2 50. Kxc5 Rxa6 51. Kb5 Ra3 52. c5 Kd2 53. c6 Rb3+ 54. Ka6 Rxc3 55.
Kb7 Kd3 56. c7 Rxc7+ 57. Kxc7 1/2-1/2

[Event "*** Titled Tuesday Blitz"]
[Site "Chess.com"]
[Date "2020.05.12"]
[Round "4"]
[White "kasparicy"]
[Black "Azatic"]
[Result "1/2-1/2"]
[WhiteElo "2312"]
[BlackElo "2576"]
[TimeControl "180+1"]
[EndTime "10:39:12 PDT"]
[Termination "Game drawn by agreement"]

1. e4 c5 2. Nf3 e6 3. d4 cxd4 4. Nxd4 a6 5. f4 Qc7 6. Bd3 Nc6 7. Nb3 d6 8. O-O Nf6 9. Nc3 Be7 10. Be3 b5 11.
Qf3 Bb7 12. a3 Rc8 13. Kh1 h5 14. Rae1 Ng4 15. Bg1 Bh4 16. Re2 Bf6 17. h3 Na5 18. Nd4 Nc4 19. Nd1 Kf8 20. Qg3 Kg8 21. Nf3 Nh6 22. Bd4 Bxd4 23. Nxd4 Qc5 24. c3 h4 25.
Qf3 Rf8 26. Bxc4 bxc4 27. Ne3 g6 28. Ng4 Nf5 29. Nxf5 exf5 30. Nf2 Re8 31. Rfe1 Kg7 32. Qe3 Qxe3 33. Rxe3 fxe4 34. Nxe4 Bxe4 35. Rxe4 Rxe4 36.
Rxe4 Rb8 37. Rxc4 Rxb2 38. Rc6 Rc2 39. Rxd6 Rxc3 40. Rxa6 Rc4 41. f5 gxf5 42. Ra5 Kg6 43. Rb5 Rc2 44. Rb3 Ra2 45. Kh2 Kg5 46. Rf3 f6 47.
Rb3 Kg6 1/2-1/2

[Event "*** Titled Tuesday Blitz"]
[Site "Chess.com"]
[Date "2020.05.12"]
[Round "4"]
[White "JoachimMouhamad"]
[Black "Usurpov"]
[Result "0-1"]
[WhiteElo "2208"]
[BlackElo "2444"]
[TimeControl "180+1"]
[EndTime "10:39:12 PDT"]
[Termination "Usurpov won on time"]

1. e4 c5 2. Nf3 e6 3. d4 cxd4 4. Nxd4 Nf6 5. Bd3 Nc6 6. Nxc6 bxc6 7. O-O d5 8. e5 Nd7 9. f4 Be7 10. Kh1 Nc5 11. Be2 O-O 12. Nd2 f6 13. Nf3 Qc7 14.
b3 Ne4 15. Bb2 f5 16. c4 Bb7 17. Rc1 Qa5 18. Qc2 c5 19. cxd5 exd5 20. a3 Rac8 21. Qd1 Qb6 22. b4 cxb4 23. Bd4 Qh6 24. axb4 Ng3+ 25.
Kg1 Nxf1 26. Bxf1 Qxf4 27. Ra1 a6 28. Qa4 Rfd8 29. Bxa6 Rc1+ 30. Bf1 Rxa1 31. Qxa1 Ra8 32. Qc3 Rc8 33. Qa1 Ba8 34. b5 Qc1 35. Qa7 Bc5 36. Qd7 Bxd4+ 37. Nxd4 Qc5 38. Kh1 Qc7 39. Qxc7 Rxc7 40.
Nxf5 Rc1 0-1

[Event "*** Titled Tuesday Blitz"]
[Site "Chess.com"]
[Date "2020.05.12"]
[Round "4"]
[White "UmutErdemGunduz"]
[Black "ajdemipopushi"]
[Result "1-0"]
[WhiteElo "2392"]
[BlackElo "2201"]
[TimeControl "180+1"]
[EndTime "10:39:12 PDT"]
[Termination "UmutErdemGunduz won by checkmate"]

1. e4 c5 2. Nf3 g6 3. d4 cxd4 4. Nxd4 Bg7 5. Nc3 Nc6 6. Be3 Nf6 7. Bc4 O-O 8. f3 Qb6 9. Bb3 Nxe4 10. Nd5 Qa5+ 11.
c3 Nc5 12. Nxc6 dxc6 13. Nxe7+ Kh8 14. Nxc8 Re8 15. Nd6 Rxe3+ 16. Kf2 Nxb3 17. Qxb3 Bd4 18. Kf1 Qa6+ 19. Qc4 Bc5 20. Nxf7+ Kg7 21. Qxa6 bxa6 22. Ng5 Rd8 23. Re1 Rd2 24. Ne6+ Rxe6 25. Rxe6 Rf2+ 26.
Ke1 Rxb2 27. Rf1 Rxg2 28. Rxc6 Be3 29. Rxa6 Bd2+ 30. Kd1 Bxc3 31. Rxa7+ Kh6 32. h4 Bd4 33. Ra4 Be3 34. f4 Rd2+ 35. Ke1 Rb2 36. f5 gxf5 37. Rxf5 Kg6 38. Rd5 Bf2+ 39. Kf1 h5 40. Ra6+ Kf7 41.
Rd7+ Ke8 42. Rh7 Bd4 43. Ra8+ Rb8 44. Rxb8# 1-0

[Event "*** Titled Tuesday Blitz"]
[Site "Chess.com"]
[Date "2020.05.12"]
[Round "4"]
[White "DrVelja"]
[Black "stolencandy13"]
[Result "1-0"]
[WhiteElo "2740"]
[BlackElo "2507"]
[TimeControl "180+1"]
[EndTime "10:39:13 PDT"]
[Termination "DrVelja won by resignation"]

1. e4 c6 2. d4 d5 3. e5 Bf5 4. h4 h5 5. Bd3 Bxd3 6. Qxd3 e6 7. Bg5 Qb6 8. Nd2 Qa6 9. c4 Bb4 10. b3 Nd7 11. Ne2 Ne7 12. O-O Nf5 13. Nf3 Ba3 14. Qc2 dxc4 15. bxc4 Nb6 16. c5 Nd5 17. Ng3 Nxg3 18.
fxg3 Bb4 19. Rab1 Ba5 20. Rb3 Bc7 21. Nd2 O-O 22. Rbf3 Qe2 23. R1f2 Qe1+ 24. Rf1 Qe2 25. R1f2 Qe1+ 26. Kh2 Bd8 27. Ne4 Nb4 28. Qe2 Qxe2 29.
Rxe2 Nd5 30. Ref2 Ba5 31. Nd6 Bc3 32. Rd3 b5 33. g4 hxg4 34. h5 f5 35. exf6 gxf6 36. Bh6 Rfd8 37. Ne4 f5 38. Nxc3 Nxc3 39. Rxc3 Rxd4 40. Re3 Kf7 41. Bf4 Rd5 42. Re5 Kf6 43. Rfe2 Rxe5 44. Bxe5+ Kg5 45. Rd2 Re8 46. Kg3 Kxh5 47. Rd6 Kg5 48. Rxc6 Rf8 49. Bf4+ Kf6 50. Ra6 Rc8 51. c6 b4 52. c7 Ke7 53. Rxa7 Kf6 54. Ra5 Ke7 55. Be5 Kd7 56. Kf4 Kc6 57.
Ra6+ Kd7 58. g3 Rg8 59. Rb6 Ra8 60. Rb8 1-0